 Dungeon Crawl Stone Soup version 0.23-a0-175-g97aacdb (webtiles) character file.

366 topirishpotato the Magician (level 6, -8/45 HPs)
             Began as a Gnoll Wizard on Sept 17, 2018.
             Mangled by Edmund
             ... wielding a +1 dire flail of protection
              (10 damage)
             ... on level 4 of the Dungeon.
             The game lasted 00:20:11 (4720 turns).

topirishpotato the Magician (Gnoll Wizard)          Turns: 4720, Time: 00:20:11

Health: -8/45      AC:  6    Str: 11    XL:     6   Next: 68%
Magic:  14/16      EV: 13    Int: 21    God:
Gold:   171        SH:  0    Dex: 13    Spells: 10/19 levels left

rFire    . . .     SeeInvis .   f - +1 dagger (chaos)
rCold    . . .     Gourm    .   (no shield)
rNeg     . . .     Faith    .   r - +0 leather armour
rPois    +         Spirit   .   q - +0 helmet
rElec    .         Reflect  .   (no cloak)
rCorr    .         Harm     .   j - +0 pair of gloves
MR       .....                  (no boots)
Stlth    ++........             (no amulet)
HPRegen  0.15/turn              u - ring of poison resistance
MPRegen  0.15/turn              (no ring)

@: starving, drained
A: distributed training, fangs 1, rugged brown scales 1, subdued magic 1, strong
nose
a: no special abilities


You were on level 4 of the Dungeon.
You were starving.

You visited 1 branch of the dungeon, and saw 4 of its levels.

You collected 171 gold pieces.

Inventory:

Hand Weapons
 f - a +1 dagger of chaos (weapon)
 g - a +0 short sword
 i - a -3 spear
 p - a +0 hunting sling
Missiles
 c - 11 poisoned needles
 e - 116 stones (quivered)
 l - 2 throwing nets
 o - 44 bolts
 t - 24 sling bullets
Armour
 a - a +0 robe
 b - a +0 hat
 j - a +0 pair of gloves (worn)
 q - a +0 helmet (worn)
 r - a +0 leather armour (worn)
Jewellery
 u - a ring of poison resistance (left hand)
Scrolls
 h - 5 scrolls of identify
 k - 3 scrolls of random uselessness
 m - 2 scrolls of remove curse
 n - a scroll of fog {unknown}
 s - a scroll of enchant weapon {unknown}
 v - a scroll of magic mapping {unknown}
 w - a scroll of fear {unknown}
 y - a scroll of immolation {unknown}
 z - a scroll of noise {unknown}
 B - a scroll of enchant armour {unknown}
Potions
 x - a potion of heal wounds {unknown}
 A - a potion of lignification {unknown}
Comestibles
 d - 5 rations


   Skills:
 + Level 2.0(1.2) Fighting
 + Level 2.0(1.2) Short Blades
 + Level 2.0(1.2) Long Blades
 + Level 2.0(1.2) Axes
 + Level 2.0(1.2) Maces & Flails
 + Level 2.0(1.2) Polearms
 + Level 2.0(1.2) Staves
 + Level 2.0(1.2) Slings
 + Level 2.0(1.2) Bows
 + Level 2.0(1.2) Crossbows
 + Level 2.0(1.2) Throwing
 + Level 2.0(1.2) Armour
 + Level 5.0(4.1) Dodging
 + Level 4.6(3.8) Stealth
 + Level 2.0(1.2) Shields
 + Level 2.0(1.2) Unarmed Combat
 + Level 7.4(6.5) Spellcasting
 + Level 2.6(1.9) Conjurations
 + Level 1.6(0.8) Hexes
 + Level 1.6(0.8) Charms
 + Level 2.6(1.9) Summonings
 + Level 1.6(0.8) Necromancy
 + Level 2.6(1.9) Translocations
 + Level 1.6(0.8) Transmutations
 + Level 1.6(0.8) Fire Magic
 + Level 1.6(0.8) Ice Magic
 + Level 1.6(0.8) Air Magic
 + Level 1.6(0.8) Earth Magic
 + Level 1.6(0.8) Poison Magic
 + Level 2.2(1.4) Invocations
 + Level 2.0(1.2) Evocations


You had 10 spell levels left.
You knew the following spells:

 Your Spells              Type           Power        Failure   Level  Hunger
a - Magic Dart            Conj           ##..         4%          1    None
b - Blink                 Tloc           N/A          7%          2    None
c - Conjure Flame         Conj/Fire      #.......     17%         3    #......
d - Mephitic Cloud        Conj/Pois/Air  #.......     19%         3    #......

Your spell library contained the following spells:

 Spells                   Type           Power        Failure   Level  Hunger
 Call Imp                 Summ           ##......     7%          2    None
 Slow                     Hex            #.......     11%         2    None


Dungeon Overview and Level Annotations

Branches:
Dungeon (4/15)
 Temple: D:4-7

Altars:
Ru
Vehumet
Xom

Annotations:
D:4 Edmund


Innate Abilities, Weirdness & Mutations

Your experience applies equally to all skills.
You have very sharp teeth.
Your uncanny sense of smell can sniff out nearby items.
You are partially covered in rugged brown scales. (AC +1, +3% HP)
Your spells are a little easier to cast, but a little less powerful.


Message History

You hit Edmund but do no damage.
Edmund is heavily wounded.
Edmund barely misses you.
You barely miss Edmund.
Edmund is heavily wounded.
Edmund barely misses you. x2
You hit Edmund but do no damage.
Edmund is heavily wounded.
Edmund barely misses you.
You hit Edmund but do no damage.
Nothing appears to happen.
Your bite misses Edmund.
Edmund is heavily wounded.
Edmund closely misses you.
You barely miss Edmund.
Edmund is heavily wounded.
Edmund closely misses you.
You hit Edmund but do no damage.
Edmund is moderately wounded.
Edmund hits you with a dire flail of protection!
You die...

#.........##...# ##.##.
#.........#..#.?# #..†..
##...........# #.# #...##
.......(...# #.# #.#.#
#........# #.# #.#.#
##.....#.# #.###.#.#
#.....##.# ###.#...#.#
....##.....###.....###.#
........@@.......#####.##
..####...<#.....s####...#
#....#...<.........#
#..................#
#....#...........###
#....#...........#
#....#...........#
#....##.........##
#....###...#...##


You could see Edmund.

Vanquished Creatures
  3 crimson imps (D:3)
  A jelly (D:4)
  A centaur skeleton (D:4)
  5 adders
  8 gnolls (D:3)
  An ooze (D:2)
  A worm (D:2)
  2 dart slugs
  4 leopard geckos
  5 orcs (D:3)
  4 giant cockroaches
  6 goblins
  8 hobgoblins
  3 jackals (D:1)
  A quokka (D:4)
  3 ball pythons
  4 bats
  3 frilled lizards
  3 kobolds
  9 rats
75 creatures vanquished.

Notes
Turn   | Place    | Note
-------+----------+-------------------------------------------
     0 | D:1      | topirishpotato the Gnoll Wizard began the quest for the
                  | Orb.
     0 | D:1      | Reached XP level 1. HP: 13/13 MP: 8/8
   130 | D:1      | Reached XP level 2. HP: 19/19 MP: 7/10
  1011 | D:2      | Reached XP level 3. HP: 25/25 MP: 6/11
  1212 | D:2      | Learned a level 2 spell: Blink
  1216 | D:2      | Learned a level 3 spell: Conjure Flame
  1220 | D:2      | Learned a level 3 spell: Mephitic Cloud
  1266 | D:2      | Reached skill level 1 in Invocations
  1386 | D:2      | Found a sacrificial altar of Ru.
  1627 | D:2      | Found a faded altar of an unknown god.
  1889 | D:3      | Reached skill level 1 in Fighting
  1889 | D:3      | Reached skill level 1 in Short Blades
  1889 | D:3      | Reached skill level 1 in Long Blades
  1889 | D:3      | Reached skill level 1 in Axes
  1889 | D:3      | Reached skill level 1 in Maces & Flails
  1889 | D:3      | Reached skill level 1 in Polearms
  1889 | D:3      | Reached skill level 1 in Staves
  1889 | D:3      | Reached skill level 1 in Slings
  1889 | D:3      | Reached skill level 1 in Bows
  1889 | D:3      | Reached skill level 1 in Crossbows
  1889 | D:3      | Reached skill level 1 in Throwing
  1889 | D:3      | Reached skill level 1 in Armour
  1889 | D:3      | Reached skill level 1 in Shields
  1889 | D:3      | Reached skill level 1 in Unarmed Combat
  1889 | D:3      | Reached skill level 1 in Evocations
  1947 | D:3      | Reached XP level 4. HP: 27/32 MP: 9/13
  2085 | D:3      | Reached skill level 1 in Hexes
  2085 | D:3      | Reached skill level 1 in Charms
  2085 | D:3      | Reached skill level 1 in Necromancy
  2085 | D:3      | Reached skill level 1 in Transmutations
  2085 | D:3      | Reached skill level 1 in Fire Magic
  2085 | D:3      | Reached skill level 1 in Ice Magic
  2085 | D:3      | Reached skill level 1 in Air Magic
  2085 | D:3      | Reached skill level 1 in Earth Magic
  2085 | D:3      | Reached skill level 1 in Poison Magic
  2155 | D:3      | Reached XP level 5. HP: 8/37 MP: 9/14
  2690 | D:3      | Found a radiant altar of Vehumet.
  3179 | D:4      | Reached XP level 6. HP: 9/44 MP: 16/16
  3470 | D:4      | Noticed Edmund
  3527 | D:4      | HP: 1/44 [Edmund/dire flail of protection (12)]
  4146 | D:3      | Found a shimmering altar of Xom.
  4293 | D:3      | Gained mutation: Your spells are a little easier to cast,
                  | but a little less powerful. [potion of mutation]
  4293 | D:3      | Gained mutation: You are partially covered in rugged brown
                  | scales. (AC +1, +3% HP) [potion of mutation]
  4530 | D:3      | Reached skill level 5 in Dodging
  4713 | D:4      | HP: 1/45 [Edmund/dire flail of protection (11)]
  4720 | D:4      | Mangled by Edmund

Vault maps used:
D:1:      minmay_arrival_doors
D:2:      nicolae_ru_awakened_eye, chequers_ecumenical_altar_twisty,
          solitary_fountain, mrwooster_statue_mirror
D:3:      vehumet_crystals, first_ration, led_xom_imps
D:4:      minmay_temple_entry_grid, grunt_ministairs_8, uniq_blork_the_orc,
          uniq_edmund, uniq_natasha

Skill      XL: |  1  2  3  4  5  6 |
---------------+-------------------+-----
Conjurations   | 2 |  2.6
Summonings     | 2 |  2.6
Translocations | 2 |  2.6
Invocations    | 1 2 |  2.2
Fighting       | 1 2 |  2.0
Short Blades   | 1 2 |  2.0
Long Blades    | 1 2 |  2.0
Axes           | 1 2 |  2.0
Maces & Flails | 1 2 |  2.0
Polearms       | 1 2 |  2.0
Staves         | 1 2 |  2.0
Slings         | 1 2 |  2.0
Bows           | 1 2 |  2.0
Crossbows      | 1 2 |  2.0
Throwing       | 1 2 |  2.0
Armour         | 1 2 |  2.0
Shields        | 1 2 |  2.0
Unarmed Combat | 1 2 |  2.0
Evocations     | 1 2 |  2.0
Hexes          | 1 |  1.6
Charms         | 1 |  1.6
Necromancy     | 1 |  1.6
Transmutations | 1 |  1.6
Fire Magic     | 1 |  1.6
Ice Magic      | 1 |  1.6
Air Magic      | 1 |  1.6
Earth Magic    | 1 |  1.6
Poison Magic   | 1 |  1.6
Dodging        | 5 |  5.0
Stealth        | |  4.6
Spellcasting   | |  7.4

Action                   |  1- 3 |  4- 6 || total
-------------------------+-------+-------++-------
Melee: Short sword       |     7 |   151 ||   158
       Dagger            |    21 |    53 ||    74
       Bite              |     3 |    11 ||    14
       Punch             |       |     1 ||     1
       Spear             |       |     5 ||     5
       Unarmed           |       |    17 ||    17
 Fire: Hunting sling     |       |    80 ||    80
Throw: Stone             |       |    11 ||    11
 Cast: Magic Dart        |    66 |    79 ||   145
       Blink             |       |     8 ||     8
       Mephitic Cloud    |       |     1 ||     1
  Use: Scroll            |       |     4 ||     4
       Potion            |       |     2 ||     2
 Stab: Sleeping          |     2 |     1 ||     3
       Confused          |       |     3 ||     3
  Eat: Chunk             |     3 |       ||     3
       Ration            |       |     2 ||     2
Armor: Leather armour    |     2 |    61 ||    63
Dodge: Dodged            |    28 |   185 ||   213

Table legend:
 A = Non-vault XP
 B = Vault XP
 C = Vault XP percentage of total XP
 D = Non-vault monster count
 E = Vault monster count
 F = Vault count percentage of total count
                 A         B        C        D         E       F
            +---------+---------+-------+---------+---------+-------
      Total |     377 |     146 |  27.9 |      72 |       3 |   4.0
            +---------+---------+-------+---------+---------+-------
        D:1 |      26 |       0 |   0.0 |      17 |       0 |   0.0
        D:2 |      47 |       0 |   0.0 |      16 |       0 |   0.0
        D:3 |     197 |     146 |  42.6 |      31 |       3 |   8.8
        D:4 |     107 |       0 |   0.0 |       8 |       0 |   0.0
            +---------+---------+-------+---------+---------+-------
